 Dungeon Crawl Stone Soup version 0.24-a0-584-g9d6b971 (webtiles) character file.

Game seed: 11670292830850510394, levelgen mode: deterministic

1277 Dorkslayer the Covert (level 8, 0/54 HPs)
             Began as an Octopode Assassin on Aug 30, 2019.
             Was a Plaything of Xom.
             Slain by an orc wizard
             ... wielding a +2 dagger of protection
              (4 damage)
             ... on level 5 of the Dungeon.
             The game lasted 00:29:43 (3371 turns).

Dorkslayer the Covert (Octopode Assassin)           Turns: 3371, Time: 00:29:45

Health: 0/54       AC:  1    Str: 13    XL:     8   Next: 54%
Magic:  11/11      EV: 14    Int: 13    God:    Xom [....*.]
Gold:   168        SH:  0    Dex: 15    Spells: 11/11 levels left

rFire    . . .     SeeInvis .   e - +1 dagger (chaos)
rCold    . . .     Gourm    .   (no shield)
rNeg     . . .     Faith    .   (helmet restricted)
rPois    .         Spirit   .   r - amulet of the acrobat
rElec    .         Reflect  .   s - +2 ring of strength
rCorr    .         Harm     .   (no ring)
MR       .....                  (no ring)
Stlth    +++++.....             (no ring)
HPRegen  0.18/turn              (no ring)
MPRegen  0.12/turn              (no ring)
                                (no ring)
                                (no ring)

@: no status effects
A: almost no armour, stealthy swim, amphibious, 8 rings, constrict 8, camouflage
1, gelatinous body 1
a: Renounce Religion


You were on level 5 of the Dungeon.
You worshipped Xom.
You were a beloved toy of Xom.
You were not hungry.

You visited 1 branch of the dungeon, and saw 9 of its levels.

You collected 295 gold pieces.
You spent 127 gold pieces at shops.

Inventory:

Hand Weapons
 a - a +2 dagger
 e - a +1 dagger of chaos (weapon)
 i - a +2 short sword of protection
Missiles
 b - 69 poisoned darts (quivered)
 m - 3 boomerangs
Jewellery
 r - an amulet of the acrobat (around mantle)
 s - a +2 ring of strength (left tentacle)
Wands
 q - a wand of digging (7)
Scrolls
 g - a scroll of enchant armour
 j - 2 scrolls of remove curse
 l - 3 scrolls of teleportation
 n - a scroll of amnesia
Potions
 p - 2 potions of flight
Comestibles
 c - 2 chunks of flesh
 d - 10 rations


   Skills:
 + Level 3.7 Fighting
 + Level 4.8 Short Blades
 + Level 3.7 Throwing
 + Level 2.7 Dodging
 + Level 10.1 Stealth
 * Level 2.2 Spellcasting
 * Level 2.5 Evocations


You had 11 spell levels left.
You didn't know any spells.
Your spell library was empty.

Dungeon Overview and Level Annotations

Branches:
Dungeon (9/15)             Temple (0/1) D:7
   Lair: D:8-11         Orc: D:9-12

Altars:
Ashenzari
Kikubaaqudgha
Makhleb
Uskayaw
Xom
Yredelemnul
Zin

Shops:
D:4 (}!=(


Innate Abilities, Weirdness & Mutations

You cannot wear most types of armour.
You are very stealthy in the water. (Stealth+)
You are amphibious.
You can wear up to eight rings at the same time.
You can use your tentacles to constrict eight enemies at once.
Your skin changes colour to match your surroundings (Stealth+).
Your rubbery body absorbs attacks. (AC +1, EV +1)


Message History

The orc wizard flickers and vanishes!
Deactivating autopickup; reactivate with Ctrl-A.
Throwing (i - inventory. (/) - cycle)
b - 70 poisoned darts (quivered)
Press: ? - help, Shift-Dir - straight line, f - orc wizard
Aim: an orc wizard, wielding a +2 dagger of protection and wearing a +0 robe (moderately wounded, constricted by you)
You throw a poisoned dart. The poisoned dart hits the orc wizard!
The orc wizard is poisoned.
The orc wizard is moderately wounded.
You constrict the orc wizard.
An orc comes into view. It is wielding a +0 mace.
The orc wizard hits you with a +2 dagger of protection.
* * * LOW HITPOINT WARNING * * *
Okay, then.
You hit the orc wizard but do no damage.
You squeeze the orc wizard, but do no damage.
The orc wizard is heavily wounded.
You constrict the orc wizard.
The orc wizard hits you with a +2 dagger of protection.
You die...
Xom yawns loudly!

##############.#
#..............#
#>##############
#.###########
#>..........#
###########.#
#######.#
......).#
#######@# #o#
#(# #o# #o# ..#
#.# #o#


You could see an orc wizard and 3 orcs.

Vanquished Creatures
  Grinder (D:3)
  Sigmund (D:2)
  A soldier ant (D:8)
  An orc warrior (D:5)
  A sky beast (D:5)
  A wight (D:8)
  4 crimson imps
  A centaur zombie (D:5)
  An orc priest (D:5)
  2 hounds
  3 worker ants
  Terence (D:2)
  A hound zombie (D:7)
  Robin (D:2)
  3 adders
  9 gnolls
  2 howler monkey skeletons
  3 oozes
  A worm (D:3)
  A dart slug (D:1)
  A leopard gecko (D:4)
  4 orcs (D:5)
  2 ball pythons (D:4)
  2 giant cockroaches
  11 goblins
  10 hobgoblins
  3 jackals (D:9)
  3 quokkas
  8 bats
  6 frilled lizards
  2 gnoll zombies (D:5)
  7 kobolds
  A leopard gecko skeleton (D:4)
  5 rats
104 creatures vanquished.

Notes
Turn   | Place    | Note
-------+----------+-------------------------------------------
     0 | D:1      | Dorkslayer the Octopode Assassin began the quest for the
                  | Orb.
     0 | D:1      | Reached XP level 1. HP: 14/14 MP: 1/1
    88 | D:1      | Reached XP level 2. HP: 19/19 MP: 2/2
   467 | D:1      | Reached skill level 6 in Stealth
   470 | D:1      | Reached XP level 3. HP: 25/25 MP: 3/3
   614 | D:2      | Noticed Sigmund
   636 | D:2      | Noticed Terence
   643 | D:2      | Killed Sigmund
   643 | D:2      | Reached skill level 7 in Stealth
   643 | D:2      | Reached XP level 4. HP: 30/30 MP: 4/4
   643 | D:2      | Reached XP level 5. HP: 35/35 MP: 5/5
   650 | D:2      | Killed Terence
   729 | D:2      | Reached skill level 8 in Stealth
   762 | D:2      | Reached XP level 6. HP: 39/41 MP: 6/6
   942 | D:2      | Noticed Robin
   949 | D:2      | Killed Robin
  1045 | D:2      | Found a shattered altar of Ashenzari.
  1230 | D:3      | Noticed Grinder
  1242 | D:3      | Killed Grinder
  1242 | D:3      | Reached XP level 7. HP: 29/46 MP: 7/7
  1390 | D:3      | Found a faded altar of an unknown god.
  1730 | D:4      | Found Assoe's Antique Weapon Shop.
  2069 | D:4      | Found a shimmering altar of Xom.
  2077 | D:4      | Reached skill level 9 in Stealth
  2154 | D:4      | Became a worshipper of Xom of Chaos
  2208 | D:4      | Found Vitt's Gadget Shoppe.
  2214 | D:4      | Bought a wand of random effects (5) for 49 gold pieces
  2257 | D:4      | Reached skill level 1 in Spellcasting
  2269 | D:4      | Found Zukank's Antique Weapon Emporium.
  2358 | D:4      | Found Vepurch's Distillery.
  2385 | D:4      | Bought a potion of curing for 39 gold pieces
  2385 | D:4      | Bought a potion of lignification for 39 gold pieces
  2415 | D:4      | Reached skill level 1 in Evocations
  2498 | D:4      | Found a glowing silver altar of Zin.
  2578 | D:4      | XOM: silly message
  2677 | D:4      | Found Peud's Jewellery Shop.
  2707 | D:5      | Entered Level 5 of the Dungeon
  2742 | D:5      | XOM: potion effect (heal wounds)
  2748 | D:5      | XOM: potion effect (might)
  2881 | D:5      | Found a basalt altar of Yredelemnul.
  2926 | D:5      | Reached XP level 8. HP: 52/52 MP: 8/10
  2981 | D:5      | XOM: medium Pois miscast
  2999 | D:5      | You fall into a shaft and drop 2 floors!
  3003 | D:7      | Found a staircase to the Ecumenical Temple.
  3242 | D:6      | You fall into a shaft and drop 3 floors!
  3256 | D:9      | XOM: smoke on damage
  3273 | D:8      | Found an ancient bone altar of Kikubaaqudgha.
  3273 | D:8      | Found a hide-covered altar of Uskayaw.
  3282 | D:8      | Found a burning altar of Makhleb.
  3344 | D:5      | XOM: summons friendly shadow imp
  3363 | D:5      | Reached skill level 10 in Stealth
  3371 | D:5      | Slain by an orc wizard

Levels and vault maps discovered:
D:1:      grunt_arrival_crossed_arrows, layout_loops_ring
D:2:      layout_rooms, ashenzari_conservatory_becter, first_ration,
          chequers_avenue, uniq_robin, uniq_sigmund, uniq_terence
D:3:      layout_basic, chequers_ecumenical_altar_simple_redux, nrook_campfire,
          uniq_grinder
D:4:      layout_layer_cave, led_xom_imps, zin_scriptorium, serial_shops, shop,
          shop, shop, kennysheep_little_box, nicolae_shop_statue_plus
D:5:      layout_loops_ring, lemuel_zombie_altar_yredelemnul
D:6:      layout_cave_pods, kennysheep_mini, kennysheep_path_1
D:7:      layout_basic, minmay_temple_entry_mini_moons
D:8:      layout_rooms, overflow_temple_1_default,
          gammafunk_temple_overflow_claw, david_nohive_1,
          kennysheep_just_a_vault
D:9:      layout_rooms, nicolae_overflow_crystal_walls, minitemple,
          lair_entry_dummy, uniq_psyche

Skill      XL: |  1  2  3  4  5  6  7  8 |
---------------+-------------------------+-----
Stealth        | 6 7 8 9 10 | 10.1
Fighting       | 3 |  3.7
Short Blades   | 3 4 |  4.8
Throwing       | 3 |  3.7
Dodging        | 2 |  2.7
Spellcasting   | 1 2 |  2.2
Evocations     | 1 2 |  2.5

Action                   |  1- 3 |  4- 6 |  7- 9 || total
-------------------------+-------+-------+-------++-------
Melee: Dagger            |    25 |       |   137 ||   162
       Tentacles         |     5 |    10 |    27 ||    42
       Constrict         |     3 |    10 |    29 ||    42
       Short sword       |    10 |    53 |     7 ||    70
Throw: Dart              |     9 |     9 |    26 ||    44
       Boomerang         |       |       |     1 ||     1
Evoke: Wand              |       |       |     5 ||     5
  Use: Potion            |     3 |       |     4 ||     7
       Scroll            |       |       |    17 ||    17
 Stab: Sleeping          |    13 |     8 |    17 ||    38
       Paralysed         |       |       |     1 ||     1
  Eat: Chunk             |       |     1 |     4 ||     5
       Ration            |       |       |     1 ||     1
Armor: Skin              |     4 |    10 |     5 ||    19
Dodge: Dodged            |    13 |    25 |    63 ||   101

Table legend:
 A = Non-vault XP
 B = Vault XP
 C = Vault XP percentage of total XP
 D = Non-vault monster count
 E = Vault monster count
 F = Vault count percentage of total count
                 A         B        C        D         E       F
            +---------+---------+-------+---------+---------+-------
      Total |    1122 |     703 |  38.5 |      88 |      16 |  15.4
            +---------+---------+-------+---------+---------+-------
        D:1 |      37 |       0 |   0.0 |      19 |       0 |   0.0
        D:2 |      35 |     281 |  88.9 |      16 |      10 |  38.5
        D:3 |      80 |     281 |  77.8 |      17 |       1 |   5.6
        D:4 |     154 |     138 |  47.3 |      11 |       3 |  21.4
        D:5 |     389 |       3 |   0.8 |      11 |       2 |  15.4
        D:6 |      84 |       0 |   0.0 |       2 |       0 |   0.0
        D:7 |      20 |       0 |   0.0 |       1 |       0 |   0.0
        D:8 |     218 |       0 |   0.0 |       3 |       0 |   0.0
        D:9 |     105 |       0 |   0.0 |       8 |       0 |   0.0
            +---------+---------+-------+---------+---------+-------
